 Dungeon Crawl Stone Soup version 0.29.1-13-g9f3cf754e1 (webtiles) character file.

Game seed: 5111647353914370374

70 jondo1214 the Chopper (level 4, -11/40 HPs)
             Began as a Hill Orc Fighter on Jan 31, 2023.
             Killed by nerve-wracking pain
             ... invoked by Grinder
              (14 damage)
             ... on level 3 of the Dungeon.
             The game lasted 00:07:02 (1478 turns).

jondo1214 the Chopper (Hill Orc Fighter)            Turns: 1478, Time: 00:07:03

Health: -11/40     AC:  7    Str: 20    XL:     4   Next: 21%
Magic:  4/4        EV:  9    Int:  8    God:
Gold:   135        SH:  4    Dex: 10    Spells: 3/3 levels left

rFire   . . .      SeeInvis .   a - +0 war axe
rCold   . . .      Faith    +   c - +0 buckler
rNeg    . . .      Spirit   .   b - +0 scale mail
rPois   .          Reflect  .   (no helmet)
rElec   .          Harm     .   (no cloak)
rCorr   .          Rampage  .   (no gloves)
Will    .....                   (no boots)
Stlth   ..........              h - amulet of faith
HPRegen 0.13/turn               (no ring)
MPRegen 0.09/turn               (no ring)

@: invisible
A: no striking features
a: no special abilities


You were on level 3 of the Dungeon.
You visited 1 branch of the dungeon, and saw 3 of its levels.

You collected 135 gold pieces.

Inventory:

Hand Weapons
 a - a +0 war axe (weapon)
Armour
 b - a +0 scale mail (worn)
 c - a +0 buckler (worn)
Jewellery
 h - an amulet of faith (around neck)
Scrolls
 g - a scroll of torment {unknown}
 j - a scroll of identify
 k - a scroll of teleportation {unknown}
 o - a scroll of enchant armour {unknown}
 p - a scroll of noise {unknown}
 q - a scroll of enchant weapon {unknown}
Potions
 d - a potion of might
 e - a potion of haste
 i - a potion of resistance {unknown}
 l - a potion of curing {unknown}
 m - a potion of cancellation {unknown}
 n - a potion of mutation {unknown}


   Skills:
 * Level 4.1 Fighting
 * Level 4.2 Axes
 * Level 3.8 Armour
 + Level 0.2 Dodging
 * Level 3.6 Shields


You had 3 spell levels left.
You didn't know any spells.
Your spell library was empty.

Dungeon Overview and Level Annotations

Branches:
Dungeon (3/15)

Altars:

Annotations:
D:3 Grinder


Message History

Grinder gestures at you.
You suddenly lose the ability to move!
Grinder hits you.
You writhe in agony.
Grinder hits you. Grinder barely misses you.
You can move again.
You hit Grinder.
Grinder is lightly wounded.
Grinder hits you.
You closely miss Grinder.
Grinder is lightly wounded.
Grinder hits you but does no damage. x2
You hit Grinder.
Grinder is lightly wounded.
Grinder hits you.
You writhe in agony.
You closely miss Grinder.
Grinder is lightly wounded.
Grinder hits you but does no damage. Grinder hits you.
* * * LOW HITPOINT WARNING * * *
You writhe in agony.
* * * LOW HITPOINT WARNING * * *
You barely miss Grinder.
Grinder is lightly wounded.
Grinder hits you.
* * * LOW HITPOINT WARNING * * *
You hit Grinder.
Grinder is moderately wounded.
Grinder gestures at you. You resist with significant effort.
You closely miss Grinder.
Grinder is moderately wounded.
A kobold comes into view. It is wielding a +0 short sword.
Grinder barely misses you.
Grinder blinks!
It was a potion of invisibility.
You fade into invisibility!
The kobold shouts!
Grinder says, "Are you a fish?"
Grinder gestures at something.
Pain shoots through your body!
You die...

##K #.. #.# #.# ##
#.# .# #.# .#
#.##########.#
#.....5....@.#
#.###..#########.#
#...........## .#
#####..#.....###.#
#............#
##.#.....## .#
#.##...## .#
###.###.## .#
........#####.#
#.#


You could see Grinder (unable to see you).

Vanquished Creatures
  2 adders (D:2)
  A worm (D:2)
  A dart slug (D:2)
  8 bats
  An endoplasm (D:1)
  2 giant cockroaches
  6 goblins
  3 hobgoblins
  5 kobolds
  2 quokkas
  6 ball pythons
  2 frilled lizards
  6 rats
45 creatures vanquished.

Notes
Turn   | Place    | Note
-------+----------+-------------------------------------------
     0 | D:1      | jondo1214 the Hill Orc Fighter began the quest for the Orb.
     0 | D:1      | Reached XP level 1. HP: 19/19 MP: 1/1
   170 | D:1      | Reached XP level 2. HP: 27/27 MP: 2/2
   495 | D:1      | Reached XP level 3. HP: 33/33 MP: 3/3
   951 | D:2      | Reached XP level 4. HP: 33/40 MP: 4/4
  1304 | D:2      | Found a faded altar of an unknown god.
  1453 | D:3      | Noticed Grinder
  1457 | D:3      | Paralysed by Grinder for 4 turns
  1465 | D:3      | HP: 1/40 [Grinder (2)]
  1478 | D:3      | Killed from afar by Grinder

Illustrated notes

Levels and vault maps discovered:
D:1:      eino_arrival_water_star, layout_rooms, corexii_leaking_fountain
D:2:      layout_basic, shapermc_ecumenical_altar_acropolis
D:3:      layout_loops_ring, tgw_kikubaaqudgha, uniq_natasha, uniq_robin,
          uniq_grinder, uniq_terence

Skill      XL: |  1  2  3 |
---------------+----------+-----
Fighting       | 4 |  4.1
Axes           | 3 4 |  4.2
Armour         | |  3.8
Dodging        | |  0.2
Shields        | |  3.6

Action                   |  1- 3 |  4- 6 || total
-------------------------+-------+-------++-------
Melee: War axe           |   102 |    37 ||   139
  Use: Scroll            |     3 |       ||     3
       Potion            |       |     1 ||     1
Armor: Scale mail        |    60 |    27 ||    87
Dodge: Dodged            |    60 |    17 ||    77
Block: Buckler           |    25 |     3 ||    28
